 Dungeon Crawl Stone Soup version 0.19-a0-1025-g778f431 (webtiles) character file.

662256 HAL9000 the Slayer (level 27, -7/309 HPs)
             Began as an Ogre Berserker on July 26, 2016.
             Was the Champion of the Shining One.
             Mangled by a stone giant (31 damage)
             ... created by the rage of Trog
             ... while paralysed
             ... on level 1 of Tartarus on July 28, 2016.
             The game lasted 04:09:37 (67407 turns).

HAL9000 the Slayer (Ogre Berserker)                Turns: 67407, Time: 04:09:38

Health: -7/309     AC: 35    Str: 34      XL:     27
Magic:  0/34       EV:  1    Int:  0 (1)  God:    the Shining One [******]
Gold:   7072       SH:  0    Dex: 23      Spells: 0 memorised, 26 levels left

rFire  + + +     SeeInvis .     b - +9 eveningstar (holy) {god gift}
rCold  + + +     Gourm    .     x - +5 gold dragon armour
rNeg   + + +     Faith    .     X - +6 large shield of Ignorance {rN+ AC+4 Int-6 *Curse}
rPois  +         Spirit   +     f - +0 hat {Spirit}
rElec  +         Dismiss  .     n - +2 cloak {MR+}
rCorr  +         Reflect  .     (gloves unavailable)
SustAt .         Harm     .     (boots unavailable)
MR     +++..                    E - amulet "Berr" {rF+ Regen+ Str+2}
Stlth  ..........               s - ring of Hedienas {rCorr rF+ Dex+4}
                                G - ring "Plog" {rC++ rN+ Dex+6 Slay+3}

@: paralysed, slowed, lost intelligence, glowing, extremely resistant to hostile
enchantments, extremely unstealthy
A: unfitting armour, clumsy 1, deterioration 1, screaming 1, electricity
resistance, tough skin 1, sturdy frame 1
a: Divine Shield, Cleansing Flame, Summon Divine Warrior, Renounce Religion
}: 4/15 runes: barnacled, slimy, silver, gossamer


You were on level 1 of Tartarus.
You worshipped the Shining One.
The Shining One was exalted by your worship.
You were hungry.

You visited 14 branches of the dungeon, and saw 56 of its levels.
You visited the Abyss 1 time.

You collected 8152 gold pieces.
You spent 1080 gold pieces at shops.

Inventory:

Hand Weapons
 b - a +9 eveningstar of holy wrath (weapon) {god gift}
 P - a +7 antimagic eveningstar {god gift}
 W - the +9 morningstar "Xioxyc" {god gift, crush, rF+ Str+4 Dex+4}
   (Trog gifted it to you on level 13 of the Dungeon)

   It inflicts extra damage upon your enemies.
   It affects your strength (+4).
   It affects your dexterity (+4).
   It protects you from fire.
Missiles
 e - 17 javelins of penetration
 p - 137 large rocks (quivered)
 R - 18 throwing nets
Armour
 f - a +0 hat of spirit shield (worn)
 n - a +2 cloak of magic resistance (worn)
 x - a +5 gold dragon armour (worn)
 X - the +6 large shield of Ignorance (worn) {rN+ AC+4 Int-6 *Curse}
   (You found it on level 6 of the Lair of Beasts)

   It affects your AC (+4).
   It affects your intelligence (-6).
   It protects you from negative energy.
   It may re-curse itself when equipped.
Jewellery
 k - a +6 amulet of reflection
 s - the ring of Hedienas (right hand) {rCorr rF+ Dex+4}
   (You found it on level 10 of the Dungeon)

   [ring of resist corrosion]

   It affects your dexterity (+4).
   It protects you from fire.
 E - the amulet "Berr" (around neck) {rF+ Regen+ Str+2}
   (You found it on level 3 of the Crypt)

   [amulet of regeneration]

   It affects your strength (+2).
   It protects you from fire.
   It increases your rate of regeneration.
 G - the ring "Plog" (left hand) {rC++ rN+ Dex+6 Slay+3}
   (You found it on level 3 of the Crypt)

   [ring of positive energy]

   It affects your dexterity (+6).
   It affects your accuracy and damage with ranged weapons and melee attacks
   (+3).
   It greatly protects you from cold.
   It protects you from negative energy.
 Y - a +4 ring of intelligence
Wands
 D - a wand of teleportation (4/9)
 O - a wand of digging (3/24)
Scrolls
 m - 13 scrolls of teleportation
 t - 6 scrolls of identify
 w - a scroll of summoning
 A - a scroll of holy word
 C - 2 scrolls of silence
 H - 6 scrolls of fear
 M - 22 scrolls of remove curse
 T - 5 scrolls of blinking
 Z - 5 scrolls of fog
Potions
 d - 16 potions of curing
 g - a potion of agility
 r - 6 potions of might
 u - 7 potions of haste
 z - a potion of berserk rage
 B - 4 potions of flight
 F - 8 potions of magic
 K - a potion of resistance
 L - 7 potions of ambrosia
 N - 4 potions of cancellation
 Q - 6 potions of heal wounds
 V - 2 potions of cure mutation
Miscellaneous
 h - a lamp of fire
 j - 2 sacks of spiders
 o - a phial of floods
 v - a disc of storms
 J - 3 phantom mirrors
 S - 3 boxes of beasts
 U - a fan of gales
Comestibles
 c - 34 bread rations
 I - 12 beef jerkies


   Skills:
 + Level 24.3 Fighting
 - Level 16.0 Maces & Flails
 + Level 18.3 Throwing
 + Level 17.2 Armour
 + Level 17.4 Dodging
 - Level 4.0 Stealth
 + Level 21.2 Shields
 - Level 15.8 Invocations
 + Level 11.5 Evocations


You had 26 spell levels left.
You didn't know any spells.

Dungeon Overview and Level Annotations

Branches:
Dungeon (15/15)            Temple (1/1) D:5            Lair (6/6) D:11
 Shoals (4/4) Lair:3       Spider (4/4) Lair:4        Slime (5/5) Lair:6
    Orc (2/2) D:11            Elf (3/3) Orc:2        Vaults (5/5) D:13
  Crypt (3/3) Vaults:3       Tomb (1/3) Crypt:3      Depths (5/5) D:15
   Hell (1/1)                 Geh (0/7) Hell            Tar (1/7) Hell
    Zot (0/5) Depths:5
    Dis: Hell:1         Coc: Hell:1

Altars:
Ashenzari
Cheibriados
Dithmenos
Elyvilon
Fedhas
Gozag
Hepliaklqana
Kikubaaqudgha
Makhleb
Nemelex Xobeh
Okawaru
Pakellas
Qazlal
Ru
Sif Muna
Trog
Uskayaw
Vehumet
Xom
Yredelemnul
Zin
The Shining One
Beogh
Jiyva
Lugonu

Shops:
D:6 (   D:7 [   D:9 }   D:15 *   Orc:2 (:%?   Vaults:1 *   Vaults:3 [
Vaults:5 *

Portals:
Hell: Depths:1 Depths:2 Depths:3 Depths:4 Depths:5
Abyss: Depths:2 Depths:4
Pandemonium: Depths:3 Depths:5
Ziggurat: Depths:2


Innate Abilities, Weirdness & Mutations

You are too large for most types of armour.
You have tough skin. (AC +1)
You are clumsy. (Dex -2)
Your body sometimes deteriorates upon taking damage.
You occasionally shout uncontrollably at your foes.
You are resistant to electric shocks. (rElec)
Your movements are slightly less encumbered by armour. (ER -2)


Message History

The deep troll claws you. The stone giant hits you. The stone giant hits you!
The stone giant hits you!!! The deep troll bites you!!
The deep troll claws you but does no damage.
The deep troll claws you. The stone giant hits you!! x2
* * * LOW HITPOINT WARNING * * *
The stone giant hits you!!!
* * * LOW HITPOINT WARNING * * *
The deep troll bites you but does no damage.
The deep troll claws you but does no damage. x2
The stone giant hits you but does no damage. x2
The stone giant hits you!
* * * LOW HITPOINT WARNING * * *
The deep troll bites you but does no damage.
The deep troll claws you but does no damage. x2
You feel less confused. The stone giant hits you!
* * * LOW HITPOINT WARNING * * *
The stone giant hits you!!
You die...

##########################
#...#.........#..........#
##.###........#..........#
#...#.........#..........#
#...# ....h...# #.......#
##'#######T...#####...####
#.....CC@C....#.#........
#.#.#.#h#C#.#.#.#.......#.
####################...###
#.......# ...........
########..# ..# ..# ###


You could see 3 stone giants, a hill giant (berserk), a deep troll (berserk), a
polar bear (berserk) and a black bear (berserk).

Vanquished Creatures
  the Royal Jelly (Slime:5)
  2 ancient liches
  Mara (Crypt:3)
  Mennas (Vaults:3)
  5 juggernauts
  A greater mummy (Tomb:1)
  Boris (Crypt:1)
  Bai Suzhen (Spider:4)
  8 caustic shrikes
  Geryon (Hell)
  2 golden dragons
  Nikola (Elf:1)
  Arachne (Spider:4)
  4 bone dragons
  A doom hound (Tar:1)
  10 tentacled monstrosities
  10 liches
  4 titans
  18 acid blobs
  3 deep elf blademasters (Elf:3)
  Murray (Hell)
  2 quicksilver dragons
  The ghost of magipi the Fencer, an adept GrBe of Trog (Slime:5)
  Gastronok (Lair:2)
  3 ancient champions
  17 sphinxes
  9 tengu reavers
  10 shadow dragons
  5 revenants
  Ilsuiw (Shoals:4)
  9 azure jellies
  A draconian knight (Depths:5)
  5 storm dragons
  19 vault wardens
  13 fire giants
  6 deep elf sorcerers
  4 iron dragons
  3 ghost moths (Spider:4)
  Louise (Spider:4)
  17 frost giants
  A curse skull (Crypt:3)
  4 emperor scorpions
  An orc warlord (Orc:2)
  2 deep elf elementalists
  13 ironheart preservers
  5 spriggan defenders
  13 ghouls
  4 reapers
  20 stone giants
  6 war gargoyles
  32 very ugly things
  14 deep elf annihilators
  5 entropy weavers
  12 vampire knights
  12 deep elf demonologists
  A dire elephant (Lair:6)
  5 merfolk javelineers
  20 spark wasps
  A blizzard demon (Hell)
  2 eidola
  Josephine (Lair:5)
  6 death oozes (Slime:5)
  3 jiangshi
  11 great orbs of eyes
  12 ettins
  11 merfolk impalers
  6 fire dragons
  A mummy priest (Tomb:1)
  20 yaktaur captains
  7 deep elf high priests
  3 crystal guardians (Crypt:3)
  14 ogre magi
  8 deep elf death magi
  A monstrous demonspawn (Depths:3)
  10 hydras
  5 rakshasas
  7 centaur warriors
  An alligator snapping turtle (Shoals:4)
  34 vault guards
  15 ice dragons
  2 merfolk avatars (Shoals:3)
  7 spriggan air magi
  A ghost crab (Tar:1)
  An anaconda (shapeshifter) (Depths:4)
  8 merfolk aquamancers
  2 catoblepae
  3 death knights
  2 satyrs
  10 deep troll earth magi
  8 deep troll shamans
  6 hell hogs
  45 dancing weapons
  A death yak (Lair:6)
  5 spriggan berserkers
  2 tengu warriors
  2 orc high priests
  2 death scarabs
  A titan zombie (Crypt:3)
  3 vampire magi
  10 soul eaters
  3 sun demons
  An iron golem (Hell)
  3 storm dragon zombies
  24 deep elf knights
  2 iron trolls
  2 titan skeletons
  15 hell knights
  29 skeletal warriors
  A storm dragon skeleton (Tar:1)
  8 sea snakes
  4 flayed ghosts
  An unseen horror (D:11)
  5 wizards
  23 deep trolls
  A golden dragon zombie (Crypt:3)
  A giant orange brain (shapeshifter) (Vaults:3)
  A gelid demonspawn (Depths:3)
  10 giant orange brains
  A shadow demon (Depths:3)
  11 phantasmal warriors
  An anaconda skeleton (Crypt:3)
  Pikel (D:6)
  5 anubis guards (Tomb:1)
  17 harpies
  18 ironbrand convokers
  12 deep elf archers
  13 hill giants
  A wolf spider zombie (Crypt:3)
  19 orc knights
  30 ugly things
  18 necromancers
  An orc sorcerer (Orc:2)
  15 orb spiders
  43 wolf spiders
  51 deep elf magi
  3 shining eyes (Slime:5)
  14 griffons
  A shadow dragon skeleton (Tar:1)
  11 manticores
  3 fire giant zombies
  A hell hog zombie (Crypt:1)
  Maurice (Orc:1)
  10 hornets
  6 fauns
  3 oklob plants
  2 stone giant skeletons
  6 cyclopes
  A hornet (shapeshifter) (Elf:2)
  A sixfirhy (Depths:3)
  6 sirens
  3 black mambas
  10 elephants
  2 moths of wrath
  2 frost giant skeletons
  3 water nymphs
  Joseph (D:7)
  5 rust devils (Hell)
  2 torpor snails
  A torpor snail (shapeshifter) (Depths:1)
  A spiny frog (shapeshifter) (D:10)
  4 large abominations (Elf:1)
  14 spiny frogs
  19 vault sentinels
  2 centaur zombies
  An eye of devastation (Slime:2)
  A yaktaur zombie (Vaults:4)
  2 dire elephant zombies
  An orange demon (Depths:3)
  A storm dragon simulacrum (Crypt:1)
  Psyche (D:9)
  8 freezing wraiths
  An alligator snapping turtle skeleton (Crypt:2)
  A dire elephant skeleton (Crypt:1)
  3 rime drakes
  2 komodo dragons (shapeshifter)
  2 efreet (D:15)
  3 kobold demonologists
  9 demonic crawlers
  2 ice devils (Tar:1)
  9 komodo dragons
  A guardian mummy (Tomb:1)
  53 yaktaurs
  4 tengu conjurers
  2 human skeletons
  2 hydra zombies
  A rime drake (shapeshifter) (Vaults:2)
  10 trolls
  2 meliai (shapeshifter)
  A jumping spider (shapeshifter) (Vaults:4)
  25 merfolk
  A troll (shapeshifter) (Depths:1)
  20 two-headed ogres
  7 wind drakes
  8 polar bears
  6 boulder beetles
  41 jumping spiders
  A two-headed ogre (shapeshifter) (Vaults:5)
  49 slime creatures
  A wind drake (shapeshifter) (Elf:3)
  An ettin zombie (Vaults:4)
  Prince Ribbit (D:6)
  2 ushabtiu (Tomb:1)
  A bog body (Crypt:2)
  19 blink frogs
  A fire giant simulacrum (Vaults:4)
  A snapping turtle (shapeshifter) (Elf:2)
  7 snapping turtles
  A stone giant simulacrum (Vaults:1)
  35 flying skulls
  11 air elementals
  A wyvern (D:14)
  An ettin skeleton (Depths:1)
  9 spriggans
  A vampire (D:14)
  33 tarantellas
  96 redbacks
  5 shadows
  A deep troll skeleton (Depths:1)
  10 wraiths
  5 golden eyes (Slime:5)
  6 hippogriffs
  12 water elementals
  45 yaks
  11 fire elementals
  A black mamba skeleton (Crypt:3)
  2 hogs (shapeshifter)
  A yak (shapeshifter) (Vaults:3)
  A basilisk (shapeshifter) (Vaults:1)
  18 humans (D:13)
  4 basilisks
  A hippogriff (shapeshifter) (Vaults:3)
  3 hungry ghosts
  4 mottled dragons
  2 steam dragons
  A human simulacrum (Vaults:4)
  A mottled dragon (shapeshifter) (Elf:1)
  10 vampire mosquitoes
  A deep troll zombie (Vaults:4)
  14 wargs
  A yaktaur simulacrum (Vaults:4)
  5 elf zombies
  A gelid demonspawn skeleton (Crypt:2)
  13 water moccasins
  4 giant eyeballs
  A porcupine (shapeshifter) (Vaults:3)
  A water nymph skeleton (Crypt:2)
  A torturous demonspawn skeleton (Crypt:1)
  4 porcupines
  An infernal demonspawn skeleton (Crypt:1)
  60 orc warriors
  A slave (D:6)
  A black bear (shapeshifter) (Depths:3)
  13 ice beasts
  8 sky beasts
  A snapping turtle zombie (Crypt:3)
  A spiny frog skeleton (Crypt:1)
  A manticore zombie (Crypt:3)
  A putrid demonspawn skeleton (Crypt:1)
  12 wasps
  2 eyes of draining
  An orc zombie (Vaults:2)
  10 black bears
  4 necrophages
  A snapping turtle skeleton (Tar:1)
  A tengu (shapeshifter) (Vaults:5)
  2 phantoms
  16 boggarts
  63 ogres
  17 wolves
  A centaur (shapeshifter) (Vaults:5)
  An elf skeleton (Vaults:2)
  14 centaurs
  7 big kobolds
  18 crocodiles
  An octopode zombie (Crypt:1)
  2 human zombies (Vaults:4)
  6 earth elementals
  A small abomination (Vaults:5)
  12 giant frogs
  A cyclops zombie (Crypt:1)
  2 gnoll sergeants
  A yak zombie (Crypt:2)
  7 scorpions
  3 killer bees (D:11)
  7 wights
  14 howler monkeys
  An electric eel (D:6)
  15 crimson imps
  A giant frog zombie (D:8)
  A quasit (Depths:3)
  A centaur skeleton (D:7)
  An iron imp (Depths:3)
  7 hounds
  16 orc priests
  2 giant frog skeletons
  10 jellies
  8 iguanas
  31 orc wizards
  7 worker ants
  A statue (D:7)
  2 sheep
  A sheep (shapeshifter) (Vaults:5)
  A deep dwarf skeleton (Crypt:1)
  A sky beast zombie (Crypt:1)
  A hound zombie (D:7)
  3 mummies (Tomb:1)
  A worker ant zombie (D:11)
  2 howler monkey skeletons (D:7)
  8 gnolls
  21 river rats
  14 adders
  4 shadow imps
  4 white imps
  2 ufetubi (Depths:3)
  6 oozes
  An ooze (shapeshifter) (Vaults:5)
  2 adder zombies
  2 dart slugs (D:1)
  2 worms
  6 giant geckos
  113 orcs
  10 bats
  9 giant cockroaches
  11 goblins
  9 hobgoblins
  6 jackals
  29 kobolds
  2 quokkas
  4 ball pythons
  A giant gecko skeleton (Crypt:1)
  7 giant newts
  A giant newt zombie (Crypt:2)
  6 rats
  4 plants
2609 creatures vanquished.

Vanquished Creatures (collateral kills)
  Saint Roka (Orc:2)
  Rupert (Lair:4)
  A storm dragon (Vaults:5)
  3 vault wardens
  An emperor scorpion (Spider:4)
  An ironheart preserver (Vaults:3)
  A deep elf death mage (Vaults:3)
  A catoblepas (Lair:6)
  A centaur warrior (Vaults:2)
  An orc high priest (Orc:2)
  2 death yaks (Lair:6)
  Urug (Lair:2)
  Nergalle (D:10)
  A sea snake (Shoals:2)
  2 deep trolls (Vaults:3)
  A deep elf archer (Vaults:3)
  A harpy (Shoals:2)
  An orc knight (Orc:2)
  A deep elf mage (Vaults:5)
  A griffon (Shoals:2)
  A hornet (Spider:4)
  2 cyclopes
  A wolf spider (Spider:4)
  An elephant (Lair:6)
  2 sirens
  2 spiny frogs
  A komodo dragon (Lair:3)
  2 yaktaurs (Vaults:2)
  A troll (Orc:2)
  9 merfolk
  A polar bear (Lair:2)
  A snapping turtle (Shoals:4)
  A redback (Spider:4)
  A tarantella (Spider:4)
  3 wargs (Orc:2)
  7 orc warriors
  7 sheep (Lair:3)
  6 orcs
73 creatures vanquished.

Vanquished Creatures (others)
  A deep elf master archer (Elf:3)
  A storm dragon (Vaults:5)
  A vault warden (Vaults:3)
  An ironheart preserver (Vaults:5)
  A stone giant (Depths:1)
  A deep elf annihilator (Elf:3)
  3 merfolk javelineers (Shoals:4)
  4 yaktaur captains
  A satyr (Shoals:2)
  A deep troll earth mage (Depths:3)
  4 deep elf archers (Elf:3)
  A wizard (D:13)
  4 deep elf magi
  10 yaktaurs
  A red devil (Hell)
  An orc warrior (Orc:1)
  An ogre (Vaults:1)
  7 centaurs
  2 crimson imps (Hell)
  An adder skeleton (D:6)
  2 kobolds
  8 fungi
  23 plants
80 creatures vanquished.

Grand Total: 2762 creatures vanquished

Notes
Turn   | Place    | Note
-------+----------+-------------------------------------------
     0 | D:1      | HAL9000 the Ogre Berserker began the quest for the Orb.
     0 | D:1      | Reached XP level 1. HP: 24/24 MP: 1/1
   113 | D:1      | Reached XP level 2. HP: 22/33 MP: 2/2
   619 | D:1      | Reached XP level 3. HP: 40/40 MP: 3/3
  1148 | D:1      | Reached skill level 5 in Maces & Flails
  1298 | D:2      | Found a shattered altar of Ashenzari.
  1467 | D:2      | Reached skill level 5 in Fighting
  1656 | D:2      | Reached ** piety under Trog
  1795 | D:2      | Reached XP level 4. HP: 50/50 MP: 4/4
  1906 | D:2      | Found an iron altar of Okawaru.
  2071 | D:2      | Found a hide-covered altar of Uskayaw.
  2826 | D:3      | Reached XP level 5. HP: 51/57 MP: 5/5
  3033 | D:3      | Found a white marble altar of Elyvilon.
  3621 | D:4      | Reached *** piety under Trog
  3848 | D:4      | Gained mutation: Your movements are slightly less encumbered by armour. (ER -2) [potion of beneficial mutation]
  3930 | D:4      | Found a snail-covered altar of Cheibriados.
  4072 | D:4      | Reached XP level 6. HP: 61/67 MP: 6/6
  4077 | D:4      | Reached skill level 6 in Fighting
  4531 | D:5      | Entered Level 5 of the Dungeon
  4873 | D:5      | Reached XP level 7. HP: 76/76 MP: 7/7
  4896 | D:5      | Found a staircase to the Ecumenical Temple.
  5194 | D:5      | Found a sacrificial altar of Ru.
  5250 | D:5      | Found a shimmering altar of Xom.
  5313 | D:6      | Reached skill level 7 in Fighting
  5515 | D:6      | Noticed Pikel
  5528 | D:6      | Killed Pikel
  5528 | D:6      | Reached skill level 8 in Fighting
  5528 | D:6      | Reached XP level 8. HP: 75/89 MP: 8/8
  5750 | D:6      | Noticed Prince Ribbit
  5774 | D:6      | Reached **** piety under Trog
  5783 | D:6      | Killed Prince Ribbit
  5783 | D:6      | Reached skill level 9 in Fighting
  5970 | D:6      | Found an opulent altar of Gozag.
  6028 | D:6      | Reached XP level 9. HP: 98/98 MP: 9/9
  6300 | D:6      | Found Beffir Penu's Antique Weapon Shoppe.
  6423 | D:7      | Found a radiant altar of Vehumet.
  6460 | D:7      | Found Zekaehad's Armour Boutique.
  6625 | D:7      | Noticed Joseph
  6630 | D:7      | Killed Joseph
  6854 | D:7      | Reached skill level 10 in Fighting
  7002 | D:7      | Received a gift from Trog
  7273 | D:7      | Reached skill level 1 in Armour
  7423 | D:8      | Reached XP level 10. HP: 104/111 MP: 10/10
  7757 | D:8      | Reached skill level 11 in Fighting
  8094 | D:9      | Noticed Psyche
  8098 | D:9      | Killed Psyche
  8423 | D:9      | Found a deep blue altar of Sif Muna.
  8443 | D:9      | Reached skill level 15 in Maces & Flails
  8475 | D:9      | Found an oddly glowing altar of Pakellas.
  8475 | D:9      | Found Pakellas's Prime Provisions.
  8886 | D:7      | Bought the +2 shield of Resistance {rF+ rC+ MR+} for 452 gold pieces
  9021 | D:9      | Reached ***** piety under Trog
  9074 | D:9      | Reached skill level 1 in Shields
  9336 | D:10     | Entered Level 10 of the Dungeon
  9408 | D:10     | Noticed a hill giant
  9418 | D:10     | Killed a hill giant
  9424 | D:10     | Reached XP level 11. HP: 120/120 MP: 11/11
  9708 | D:10     | Noticed Nergalle
  9723 | D:10     | Killed Nergalle
  9844 | D:10     | Noticed a cyclops
  9865 | D:10     | Killed a cyclops
  9865 | D:10     | Reached skill level 5 in Armour
 10031 | D:10     | Got a scorched brass ring
 10033 | D:10     | Identified the ring of Hedienas {rCorr rF+ Dex+4} (You found it on level 10 of the Dungeon)
 10051 | D:10     | Noticed a hill giant
 10066 | D:10     | Killed a hill giant
 10066 | D:10     | Reached skill level 5 in Shields
 10134 | D:10     | Noticed a hill giant
 10141 | D:10     | Killed a hill giant
 10692 | D:11     | Found a staircase to the Lair.
 10750 | D:11     | Noticed an unseen horror
 10770 | D:11     | Killed an unseen horror
 11139 | D:11     | Noticed a hill giant
 11145 | D:11     | Killed a hill giant
 11229 | D:11     | Found a staircase to the Orcish Mines.
 11234 | D:11     | Noticed a cyan ugly thing
 11235 | D:11     | Reached XP level 12. HP: 130/130 MP: 12/12
 11372 | D:11     | Noticed a six-headed hydra
 11395 | D:11     | Killed a six-headed hydra
 11744 | D:11     | Received a gift from Trog
 11928 | Lair:1   | Entered Level 1 of the Lair of Beasts
 12889 | Lair:2   | Noticed Gastronok
 12905 | Lair:2   | Killed Gastronok
 12905 | Lair:2   | Reached skill level 1 in Throwing
 12905 | Lair:2   | Reached skill level 5 in Dodging
 12979 | Lair:2   | Received a gift from Trog
 13048 | Lair:2   | Noticed Urug
 13069 | Lair:2   | Killed Urug
 13426 | Lair:2   | Reached XP level 13. HP: 121/139 MP: 13/13
 13503 | Lair:2   | Reached skill level 12 in Fighting
 14074 | Lair:1   | Identified a scroll of acquirement
 14076 | Lair:1   | Got a crude animal skin
 14089 | Lair:1   | Identified the +0 animal skin of Midwinter {+Blink SInv} (You acquired it on level 1 of the Lair of Beasts)
 15021 | Lair:3   | Found a staircase to the Shoals.
 15145 | Shoals:1 | Entered Level 1 of the Shoals
 15376 | Lair:3   | Reached skill level 13 in Fighting
 15618 | Lair:4   | Reached skill level 5 in Throwing
 15652 | Lair:4   | Received a gift from Trog
 15821 | Lair:4   | Noticed Rupert
 15821 | Lair:4   | Paralysed by Rupert for 6 turns
 15836 | Lair:4   | Killed Rupert
 15836 | Lair:4   | Reached skill level 10 in Armour
 15912 | Lair:4   | Found a hole to the Spider Nest.
 16097 | Lair:4   | Reached XP level 14. HP: 153/153 MP: 14/14
 16631 | Lair:5   | Noticed Josephine
 16655 | Lair:5   | Killed Josephine
 17543 | Lair:6   | Entered Level 6 of the Lair of Beasts
 17570 | Lair:6   | Found a staircase to the Slime Pits.
 17592 | Slime:1  | Entered Level 1 of the Pits of Slime
 17592 | Slime:1  | Noticed an azure jelly
 17685 | Lair:6   | Reached skill level 14 in Fighting
 17700 | Lair:6   | Reached ****** piety under Trog
 18060 | Lair:6   | Received a gift from Trog
 18065 | Lair:6   | Got a bone flail
 18066 | Lair:6   | Identified the +10 flail "Pazev" {venom, rElec rPois Dex-4} (You found it on level 6 of the Lair of Beasts)
 19038 | Lair:6   | Noticed a dire elephant
 19044 | Lair:6   | Killed a dire elephant
 19321 | Orc:1    | Entered Level 1 of the Orcish Mines
 19512 | Orc:2    | Entered Level 2 of the Orcish Mines
 19618 | Orc:2    | Received a gift from Trog
 19884 | Orc:2    | Reached skill level 15 in Fighting
 19943 | Orc:2    | Reached XP level 15. HP: 167/167 MP: 13/15
 20035 | Orc:2    | Found a roughly hewn altar of Beogh.
 20147 | Orc:1    | Noticed Maurice
 20151 | Orc:1    | Killed Maurice
 20450 | Orc:2    | Noticed Saint Roka
 20473 | Orc:2    | Killed Saint Roka
 20537 | Orc:1    | Noticed an orc warlord
 20753 | Orc:2    | Received a gift from Trog
 20792 | Orc:2    | Found Hagaess's Book Shoppe.
 20792 | Orc:2    | Found Untyfoj's Antique Weapon Shop.
 20870 | Orc:2    | Received a gift from Trog
 21036 | Orc:2    | Found a roughly hewn altar of Beogh.
 21047 | Orc:2    | Found Qotierch's Food Shop.
 21047 | Orc:2    | Found Muive's Magic Scroll Shoppe.
 21098 | Orc:2    | Received a gift from Trog
 21144 | Orc:2    | Bought a scroll of fog for 32 gold pieces
 21343 | Orc:2    | Found a staircase to the Elven Halls.
 21764 | Orc:2    | Killed an orc warlord
 23094 | D:13     | Reached skill level 10 in Dodging
 23291 | D:13     | Received a gift from Trog
 23304 | D:13     | Got an encrusted morningstar {god gift}
 23346 | D:13     | Identified the +9 morningstar "Xioxyc" {god gift, crush, rF+ Str+4 Dex+4} (Trog gifted it to you on level 13 of the Dungeon)
 23571 | D:13     | Reached skill level 10 in Throwing
 23579 | D:13     | Reached skill level 16 in Fighting
 23680 | D:13     | Found a gate to the Vaults.
 23858 | D:13     | Reached XP level 16. HP: 113/179 MP: 10/16
 24190 | D:14     | Received a gift from Trog
 24483 | D:14     | Received a gift from Trog
 24633 | D:14     | Found a stormy altar of Qazlal.
 24799 | D:15     | Entered Level 15 of the Dungeon
 24825 | D:15     | Found Vopn's Assorted Antiques.
 24833 | D:15     | Bought a runed cloak for 157 gold pieces
 24833 | D:15     | Bought a potion of heal wounds for 175 gold pieces
 25277 | D:15     | Found a staircase to the Depths.
 25889 | Shoals:1 | Received a gift from Trog
 25955 | Shoals:1 | Reached skill level 1 in Evocations
 27748 | Shoals:3 | Received a gift from Trog
 28204 | Shoals:3 | Got an ancient tin amulet
 28217 | Shoals:3 | Reached skill level 17 in Fighting
 28217 | Shoals:3 | Reached XP level 17. HP: 191/191 MP: 19/19
 28242 | Shoals:3 | Identified the amulet "Evvit" {Spirit rElec} (You found it on level 3 of the Shoals)
 28859 | Shoals:4 | Entered Level 4 of the Shoals
 28893 | Shoals:4 | Noticed Ilsuiw
 28909 | Shoals:4 | Killed Ilsuiw
 29155 | Shoals:4 | Received a gift from Trog
 29803 | Shoals:4 | Reached skill level 10 in Shields
 29900 | Shoals:4 | Got a barnacled rune of Zot
 30690 | Lair:1   | Upgraded the game from 0.19-a0-1019-g9c6a58d to 0.19-a0-1021-g80cc50c
 30756 | Spider:1 | Entered Level 1 of the Spider Nest
 30803 | Spider:1 | Received a gift from Trog
 30879 | Spider:1 | Reached skill level 5 in Evocations
 31381 | Spider:1 | Gained mutation: You are resistant to electric shocks. (rElec) [potion of beneficial mutation]
 31845 | Spider:2 | Reached skill level 18 in Fighting
 31878 | Spider:1 | Reached XP level 18. HP: 183/204 MP: 21/21
 31993 | Spider:2 | Received a gift from Trog
 32740 | Spider:2 | Received a gift from Trog
 34191 | Spider:3 | Received a gift from Trog
 34579 | Spider:4 | Entered Level 4 of the Spider Nest
 34877 | Spider:4 | Noticed Arachne
 34887 | Spider:4 | Killed Arachne
 35133 | Spider:4 | Received a gift from Trog
 35135 | Spider:4 | Noticed Bai Suzhen
 35139 | Spider:4 | Noticed Louise
 35147 | Spider:4 | Killed Bai Suzhen
 35414 | Spider:4 | Killed Louise
 35587 | Spider:4 | Reached XP level 19. HP: 214/214 MP: 23/23
 36148 | Spider:4 | Reached skill level 19 in Fighting
 36243 | Spider:4 | Received a gift from Trog
 36409 | Spider:4 | Got a gossamer rune of Zot
 36896 | Vaults:1 | Entered Level 1 of the Vaults
 36963 | Vaults:1 | Received a gift from Trog
 37156 | Vaults:1 | Found Foasy's Assorted Antiques.
 37515 | Vaults:1 | Noticed a Brimstone Fiend
 37526 | Vaults:1 | Noticed a Hell Sentinel
 37692 | Vaults:1 | Received a gift from Trog
 38006 | Vaults:1 | Received a gift from Trog
 38457 | Vaults:1 | Reached XP level 20. HP: 224/226 MP: 23/25
 38459 | Vaults:1 | Received a gift from Trog
 40235 | Vaults:2 | Received a gift from Trog
 40477 | Vaults:3 | Reached skill level 20 in Fighting
 40483 | Vaults:3 | Found Goxicig's Armour Shoppe.
 40727 | Vaults:3 | Found a staircase to the Crypt.
 41077 | Vaults:3 | Received a gift from Trog
 41195 | Vaults:3 | Reached XP level 21. HP: 204/237 MP: 22/27
 41743 | Vaults:3 | Received a gift from Trog
 41884 | Vaults:3 | Received a gift from Trog
 41915 | Vaults:3 | Noticed Mennas
 41954 | Vaults:3 | Killed Mennas
 41958 | Vaults:3 | Received a gift from Trog
 42208 | Vaults:3 | Received a gift from Trog
 42385 | Vaults:4 | Received a gift from Trog
 42544 | Vaults:4 | Received a gift from Trog
 43266 | Vaults:4 | Received a gift from Trog
 44263 | Depths:1 | Entered Level 1 of the Depths
 44453 | Depths:1 | Found a gateway to Hell.
 44500 | Depths:1 | Reached XP level 22. HP: 249/249 MP: 29/29
 44856 | Depths:1 | Received a gift from Trog
 44862 | Depths:1 | Gained mutation: You are partially covered in rugged brown scales. (AC +1, +3% HP) [potion of beneficial mutation]
 45176 | Depths:1 | Received a gift from Trog
 45318 | Depths:2 | Received a gift from Trog
 45487 | Depths:2 | Found a gateway to a ziggurat.
 45827 | Depths:2 | Found a one-way gate to the infinite horrors of the Abyss.
 46089 | Depths:2 | Received a gift from Trog
 46145 | Depths:2 | Reached skill level 15 in Shields
 46174 | Depths:2 | Noticed a golden dragon
 46244 | Depths:1 | Killed a golden dragon
 46344 | Depths:2 | Received a gift from Trog
 46633 | Depths:2 | Got a steaming pewter amulet
 46640 | Depths:2 | Identified the amulet "Pyriq Fueq" {+Rage Dex+4} (You found it on level 2 of the Depths)
 46909 | Depths:3 | Found a one-way gate leading to the halls of Pandemonium.
 47611 | Depths:3 | Received a gift from Trog
 47675 | Depths:3 | Noticed a juggernaut
 47694 | Depths:3 | Killed a juggernaut
 48144 | Depths:4 | Noticed a caustic shrike
 48156 | Depths:4 | Reached XP level 23. HP: 265/265 MP: 30/30
 48187 | Depths:4 | Noticed a caustic shrike
 48199 | Depths:4 | Killed a caustic shrike
 48348 | Depths:4 | Noticed a caustic shrike
 48349 | Depths:4 | Noticed a caustic shrike
 48350 | Depths:4 | Noticed a caustic shrike
 48357 | Depths:4 | Killed a caustic shrike
 48362 | Depths:4 | Killed a caustic shrike
 48373 | Depths:4 | Killed a caustic shrike
 48382 | Depths:4 | Killed a caustic shrike
 48596 | Depths:4 | Found a corrupted altar of Lugonu.
 48799 | Depths:4 | Received a gift from Trog
 48862 | Depths:4 | Noticed a golden dragon
 48868 | Depths:4 | Killed a golden dragon
 49225 | Depths:4 | Reached skill level 21 in Fighting
 49290 | Depths:4 | Received a gift from Trog
 49380 | Depths:4 | Reached XP level 24. HP: 269/278 MP: 30/30
 49605 | Depths:4 | Reached skill level 15 in Throwing
 49673 | Depths:5 | Entered Level 5 of the Depths
 49754 | Depths:5 | Reached skill level 15 in Armour
 49973 | Depths:5 | Paralysed by a giant eyeball for 3 turns
 50136 | Depths:5 | Found a gate to the Realm of Zot.
 50209 | Depths:5 | Found a blossoming altar of Fedhas.
 50210 | Depths:5 | Found a deep blue altar of Sif Muna.
 50210 | Depths:5 | Found a blossoming altar of Fedhas.
 50254 | Depths:5 | Received a gift from Trog
 50296 | Depths:5 | Noticed a caustic shrike
 50303 | Depths:5 | Killed a caustic shrike
 50341 | Depths:5 | Reached skill level 15 in Dodging
 50382 | Depths:5 | Noticed a juggernaut
 50400 | Depths:5 | Killed a juggernaut
 50447 | Depths:5 | Noticed a caustic shrike
 50462 | Depths:5 | Killed a caustic shrike
 50483 | Depths:5 | Noticed a juggernaut
 50501 | Depths:5 | Killed a juggernaut
 50749 | Depths:5 | Noticed a juggernaut
 50774 | Depths:5 | Killed a juggernaut
 50826 | Depths:5 | Received a gift from Trog
 50850 | Depths:5 | Noticed a caustic shrike
 50864 | Depths:5 | Killed a caustic shrike
 50864 | Depths:5 | Reached XP level 25. HP: 257/288 MP: 30/30
 50920 | Depths:5 | Noticed a juggernaut
 50944 | Depths:5 | Killed a juggernaut
 50944 | Depths:5 | Reached skill level 22 in Fighting
 51951 | Orc:2    | Bought a scroll of enchant weapon for 120 gold pieces
 52218 | Orc:2    | Received a gift from Trog
 52232 | Elf:1    | Entered Level 1 of the Elven Halls
 52242 | Elf:1    | Noticed Nikola
 52266 | Elf:1    | Killed Nikola
 52754 | Elf:1    | Received a gift from Trog
 52810 | Elf:1    | Identified the Tome of Sinister Magic
 53503 | Elf:2    | Found a huge runed gate.
 53503 | Elf:2    | Found a huge runed gate.
 53503 | Elf:2    | Found a huge runed gate.
 53509 | Elf:2    | Found a huge runed gate.
 53510 | Elf:2    | Found a huge runed gate.
 54130 | Elf:2    | Received a gift from Trog
 54489 | Elf:3    | Entered Level 3 of the Elven Halls
 55122 | Elf:3    | Reached XP level 26. HP: 257/303 MP: 30/30
 55718 | Elf:3    | Received a gift from Trog
 55844 | Elf:3    | Got a glittering gossamer ring
 55927 | Elf:3    | Reached skill level 23 in Fighting
 55934 | Elf:3    | Identified the ring of Contentment {rElec rPois rF+++ AC+1 Dex-3} (You took it off a deep elf annihilator on level 3 of the Elven Halls)
 55938 | Elf:3    | Got a bound lead amulet
 55960 | Elf:3    | Identified the amulet "Ullonue" {Spirit rElec rN+ MR- Str+3} (You took it off a deep elf annihilator on level 3 of the Elven Halls)
 55964 | Elf:3    | Identified Sif Muna's Tome of the Noxious Escort (You found it on level 3 of the Elven Halls)
 56014 | Elf:3    | Got a transparent wooden ring
 56015 | Elf:3    | Identified the ring of the Invisible Hand {+Fly rF+ rN+ Dex-5 SInv} (You took it off a deep elf demonologist on level 3 of the Elven Halls)
 56079 | Elf:3    | Got a twitching granite ring
 56080 | Elf:3    | Identified the ring "Iradomud" {+Fly Str-3 Dex+2 Slay+3} (You found it on level 3 of the Elven Halls)
 56755 | Vaults:5 | Entered Level 5 of the Vaults
 56838 | Vaults:4 | Reached skill level 10 in Evocations
 56900 | Vaults:4 | Received a gift from Trog
 56991 | Vaults:4 | Received a gift from Trog
 57404 | Vaults:5 | Received a gift from Trog
 57598 | Vaults:5 | Found Uremubin's Assorted Antiques.
 57606 | Vaults:5 | Received a gift from Trog
 57674 | Vaults:5 | Bought a potion of agility for 144 gold pieces
 57921 | Vaults:5 | Noticed an ancient lich
 57934 | Vaults:5 | Killed an ancient lich
 57975 | Vaults:5 | Reached skill level 1 in Stealth
 57996 | Vaults:5 | Reached XP level 27. HP: 298/315 MP: 30/31
 58172 | Vaults:5 | Cast into level 3 of the Abyss (reaper)
 58220 | Vaults:5 | Escaped the Abyss
 58277 | Vaults:5 | Got a pitted ivory ring
 58540 | Vaults:5 | Got a silver rune of Zot
 58543 | Vaults:5 | Identified the Compendium of Enthralling Poison
 58566 | Vaults:5 | Identified the ring of Engil {MP+9 Str+3} (You took it off a deep elf annihilator on level 5 of the Vaults)
 58683 | Vaults:5 | Received a gift from Trog
 59266 | Temple   | Entered the Ecumenical Temple
 59466 | Temple   | Fell from the grace of Trog
 59466 | Temple   | Became a worshipper of the Shining One
 59811 | Crypt:1  | Entered Level 1 of the Crypt
 59823 | Crypt:1  | Upgraded the game from 0.19-a0-1021-g80cc50c to 0.19-a0-1025-g778f431
 59910 | Crypt:1  | Reached * piety under the Shining One
 60110 | Crypt:1  | Noticed Boris
 60114 | Crypt:1  | Reached ** piety under the Shining One
 60121 | Crypt:1  | Killed Boris
 60467 | Crypt:1  | Reached *** piety under the Shining One
 60574 | Crypt:2  | Reached **** piety under the Shining One
 60627 | Crypt:2  | Reached skill level 1 in Invocations
 60856 | Crypt:2  | Reached ***** piety under the Shining One
 61028 | Crypt:3  | Entered Level 3 of the Crypt
 61042 | Crypt:3  | Reached skill level 5 in Invocations
 61157 | Crypt:3  | Reached ****** piety under the Shining One
 61157 | Crypt:3  | Noticed Mara
 61161 | Crypt:3  | Noticed HAL9000's illusion
 61346 | Crypt:3  | Killed Mara
 61543 | Crypt:3  | Found a staircase to the Tomb.
 61618 | Crypt:3  | Found an ancient bone altar of Kikubaaqudgha.
 61618 | Crypt:3  | Noticed an ancient lich
 61624 | Crypt:3  | Killed an ancient lich
 61624 | Crypt:3  | Reached skill level 10 in Invocations
 62192 | Crypt:3  | Got a warped ivory amulet
 62192 | Crypt:3  | Got a slimy bronze ring
 62197 | Crypt:3  | Identified the ring "Plog" {rC++ rN+ Dex+6 Slay+3} (You found it on level 3 of the Crypt)
 62201 | Crypt:3  | Identified the amulet "Berr" {rF+ Regen+ Str+2} (You found it on level 3 of the Crypt)
 64040 | Lair:1   | Identified a +9 eveningstar of holy wrath {god gift} (a +9 antimagic eveningstar {god gift} blessed by the Shining One)
 64040 | Lair:1   | Received a gift from the Shining One
 64382 | Slime:5  | Entered Level 5 of the Pits of Slime
 64533 | Slime:5  | Gained mutation: You occasionally shout uncontrollably at your foes. [a shining eye]
 64571 | Slime:5  | Gained mutation: You are clumsy. (Dex -2) [a shining eye]
 64573 | Slime:5  | Lost mutation: You are partially covered in rugged brown scales. (AC +1, +3% HP) [a shining eye]
 64575 | Slime:5  | Gained mutation: Your body sometimes deteriorates upon taking damage. [a shining eye]
 64590 | Slime:5  | Noticed magipi's ghost (adept GrBe)
 64606 | Slime:5  | Lost intelligence.
 64663 | Slime:5  | Killed magipi's ghost
 64783 | Slime:5  | Found a viscous altar of Jiyva.
 64785 | Slime:5  | Noticed the Royal Jelly
 64798 | Slime:5  | Killed the Royal Jelly
 64798 | Slime:5  | Reached skill level 15 in Invocations
 65318 | Slime:5  | Got a slimy rune of Zot
 65339 | Slime:5  | Got a faintly glowing bronze ring
 65340 | Slime:5  | Identified the ring "Gereh" {rF+ rC++ Dex-4 Slay+3 Stlth+} (You found it on level 5 of the Pits of Slime)
 65990 | Tomb:1   | Entered Level 1 of the Tomb of the Ancients
 66170 | Tomb:1   | Noticed a greater mummy
 66179 | Tomb:1   | Killed a greater mummy
 66181 | Tomb:1   | Noticed a greater mummy
 66385 | Crypt:3  | Reached skill level 24 in Fighting
 66790 | Hell     | Entered the Vestibule of Hell
 66790 | Hell     | Noticed Geryon
 66796 | Hell     | Noticed Murray
 66814 | Hell     | Killed Murray
 67126 | Hell     | Killed Geryon
 67195 | Hell     | Found a gateway to the ashen valley of Gehenna.
 67242 | Hell     | Found a gateway to the decaying netherworld of Tartarus.
 67253 | Tar:1    | Entered Level 1 of Tartarus
 67404 | Tar:1    | Lost intelligence.
 67407 | Tar:1    | Mangled by a stone giant

Vault maps used:
D:1:      sevenhm_arrival_forest_fort_large_2, minmay_heptomino_l4
D:2:      lemuel_doored_altar, evilmike_ruin_ashenzari, old_standard_altar,
          first_bread
D:3:      marbit_many_paths, serial_bayou, serial_bayou_pond_a,
          serial_bayou_crossing, serial_bayou_shore_b, serial_bayou_pond_e,
          serial_bayou_ford_a
D:4:      cheibriados_altar_wand_db
D:5:      lemuel_round_altar, basic_altar
D:6:      kennysheep_little_box, serial_shops, shop, kennysheep_cluttered_room,
          uniq_prince_ribbit1, uniq_pikel
D:7:      kennysheep_six_static_rooms, vehumet_statue, serial_shops, shop,
          grunt_ogre_cave, uniq_joseph
D:9:      johnstein_pakellas_shop, led_sif_pool, uniq_psyche
D:10:     nicolae_whirlpool, serial_bayou_pond_b, uniq_nergalle
D:11:     erik_lair_orcish_takeover, serial_glass, glass_columns_a,
          glass_columns_b, minmay_nine_imps
D:13:     grunt_vaults_entry_tiered, serial_curves, eino_curves_04,
          eino_curves_03, portal_ice_cave_entry_ice_beasts, hex_intersection,
          kennysheep_four_rooms
D:14:     basic_altar, minmay_curled_crystal, kb_rosetta
D:15:     grunt_enter_depths_snipers, minmay_fountain_box, serial_shops,
          nicolae_shop_statue_plus
Temple:   nicolae_temple_figure_eight
Lair:2:   beast_lair_carwin_large_1, uniq_urug, uniq_gastronok
Lair:3:   elwin_shoals_entry_stream, lemuel_fruit_tree
Lair:4:   spider_nest_entry_rubble, beast_lair_carwin_6, grunt_megastairs_5,
          uniq_rupert
Lair:5:   serial_forest, infiniplex_forest_corner_1,
          infiniplex_forest_clump_long, infiniplex_forest_3_way,
          infiniplex_forest_fountain, infiniplex_forest_clump_small,
          infiniplex_forest_zigzag_1, infiniplex_forest_clump_curved,
          grunt_megastairs_2, uniq_josephine
Lair:6:   grunt_lair_end_beastmaster, nicolae_slime_entry_slimehenge
Shoals:1: nicolae_shoals_aquamancer_cove
Shoals:4: shoals_end_simple, shoal_ilsuiw, nicolae_shoals_stone_sculpture_thing
Spider:2: spider_temple_joshua, nicolae_spider_shape, nicolae_spider_cling_halls
Spider:3: hangedman_spider_tarantella_strand
Spider:4: grunt_spider_rune_parallel, uniq_louise, uniq_arachne, uniq_bai_suzhen
Slime:2:  nicolae_slime_phagocytosis
Orc:1:    uniq_maurice
Orc:2:    st_orc_town, basic_altar, uniq_saint_roka
Elf:1:    eino_elf_arrival_the_gate, minmay_elf_necromancy, due_unseen_surprise,
          uniq_nikola
Elf:3:    minmay_elf_hall_furrowed
Vaults:1: nicolae_vaults_mini_display_case, nicolae_vaults_little_ls,
          hangedman_vaults_corner, vaults_room_grid,
          ontoclasm_vaults_ring_small, ontoclasm_vaults_shout,
          hangedman_vaults_cutoff, v_misc_3, nicolae_vaults_asterisk,
          hangedman_vaults_stretched_pinwheel, v_misc_1,
          dpeg_vaults_monster_row, vaults_room_hallway, serial_shops, shop
Vaults:2: vaults_dpeg_diagonal, v_rooms_4, hangedman_vaults_snaps, v_misc_24,
          v_misc_4, vaults_dpeg_encased_lava, hangedman_vaults_hat,
          vaults_dpeg_hooks, nicolae_vaults_asterisk, v_misc_13,
          nicolae_vaults_murderbox, nicolae_vaults_alarming
Vaults:3: hangedman_vaults_maws, grunt_vaults_trifunnel,
          blue_anna_dwarven_crypt, v_rooms_4, nicolae_vaults_twisting_passages,
          nicolae_vaults_little_squares_4, hangedman_vaults_stream,
          ontoclasm_vaults_misaligned, minmay_guarded_unrand_secular_launcher,
          ontoclasm_vaults_hangar, grunt_vaults_hallway_short, serial_ice_h,
          serial_shops, shop, uniq_mennas
Vaults:4: nicolae_vaults_network_periphery, nicolae_vaults_stairing_the_circle,
          nicolae_vaults_circle_grid_a, ontoclasm_vaults_hangar, v_misc_18,
          nicolae_vaults_asterisk, nicolae_vaults_little_squares_6
Vaults:5: serial_shops
Crypt:1:  minivault_19, uniq_boris
Crypt:2:  st_stairs_14, minivault_26
Crypt:3:  cryptofortress_bobbens, uniq_mara
Depths:1: hangedman_tar_grid_catacomb, corexii_corridor_pit,
          lightli_fourway_metalbox
Depths:2: minmay_broken_ring, enter_ziggurat_a, marbit_kobold_abyss_entry,
          pf_coc_iceberg, roderic_bali_sauvastika, corexii_hall_statues_t,
          roderic_nine_men_s_morris
Depths:3: minmay_open_boxes_in_corner, grunt_pan_entry_spiral, hell_entry,
          grunt_decor_fettered, hangedman_decor_slide_cut,
          infiniplex_staircase_x
Depths:4: grunt_x_marks_the_spot, hell_entry, abyss_entry_flame_altar,
          firewood_loft, infiniplex_staircase_squiggle
Depths:5: hangedman_slaughterboxes, hell_entry, pan_entry
Abyss:3:  minivault_28, nicolae_abyss_rune_star_stuff

Skill      XL: |  1  2  3  4  5  6  7  8  9 10 11 12 13 14 15 16 17 18 19 20 21 22 23 24 25 26 27 |
---------------+----------------------------------------------------------------------------------+-----
Maces & Flails | 5 6 7 8 11 12 14 15 16 | 16.0
Fighting       | 5 6 8 9 10 11 13 15 16 17 18 19 20 21 22 23 24 | 24.3
Dodging        | 3 4 5 7 9 10 11 12 13 14 15 16 17 | 17.4
Armour         | 1 4 7 9 10 11 12 13 14 15 16 17 | 17.2
Shields        | 3 6 9 10 11 12 13 16 19 20 21 | 21.2
Throwing       | 2 5 8 10 11 12 13 14 15 16 17 18 | 18.3
Evocations     | 3 5 6 7 8 9 10 11 | 11.5
Stealth        | 1 4 |  4.0
Invocations    | 15 | 15.8

Action                   |  1- 3 |  4- 6 |  7- 9 | 10-12 | 13-15 | 16-18 | 19-21 | 22-24 | 25-27 || total
-------------------------+-------+-------+-------+-------+-------+-------+-------+-------+-------++-------
Melee: Mace              |   119 |    59 |       |       |       |       |       |       |       ||   178
       Flail             |       |   116 |   207 |   848 |  1223 |       |       |       |       ||  2394
       Morningstar       |       |       |       |       |   426 |  1400 |  1691 |  1589 |  2414 ||  7520
       Eveningstar       |       |       |       |       |       |       |       |       |   448 ||   448
Throw: Large rock        |       |     1 |     7 |     9 |    15 |    14 |    14 |    29 |    16 ||   105
       Javelin           |       |       |       |       |       |    34 |     9 |    10 |       ||    53
Invok: Berserk           |       |     2 |       |     9 |     8 |     5 |     5 |     3 |     1 ||    33
       Brothers in Arms  |       |       |       |     2 |     5 |     4 |     4 |       |     2 ||    17
       Trog's Hand       |       |       |       |     1 |     2 |    11 |     6 |     9 |     3 ||    32
       Divine Shield     |       |       |       |       |       |       |       |       |     5 ||     5
       Cleansing Flame   |       |       |       |       |       |       |       |       |     2 ||     2
       Brand Weapon With |       |       |       |       |       |       |       |       |     1 ||     1
 Abil: Evoke Flight      |       |       |       |       |       |    24 |       |     2 |       ||    26
Evoke: Wand              |       |       |       |     1 |     3 |       |       |     7 |     3 ||    14
       Phial of floods   |       |       |       |       |       |       |       |       |     2 ||     2
       Lamp of fire      |       |       |       |       |       |       |       |       |     1 ||     1
       Fan of gales      |       |       |       |       |       |       |       |       |     1 ||     1
  Use: Scroll            |       |    10 |     6 |     3 |    14 |    13 |     2 |     4 |    29 ||    81
       Potion            |       |     1 |     1 |       |       |     2 |     3 |     1 |     4 ||    12
 Stab: Sleeping          |     1 |       |     2 |       |       |       |       |       |       ||     3
       Distracted        |       |       |       |       |     1 |     2 |     1 |       |     1 ||     5
  Eat: Chunk             |     2 |     8 |    10 |    26 |    43 |    45 |    37 |    26 |    19 ||   216
       Royal jelly       |       |     2 |       |       |       |       |     1 |     1 |       ||     4
       Fruit             |       |       |     1 |     5 |     5 |     8 |       |       |    14 ||    33
       Pizza             |       |       |       |       |       |     2 |     1 |     1 |     2 ||     6
       Meat ration       |       |       |       |       |       |       |       |       |     4 ||     4
       Beef jerky        |       |       |       |       |       |       |       |       |     4 ||     4
Armor: Animal skin       |    49 |    63 |    60 |       |       |       |       |       |       ||   172
       Ice dragon armour |       |       |    26 |   246 |   330 |   151 |       |       |       ||   753
       Gold dragon armou |       |       |       |       |       |   315 |   451 |   268 |   789 ||  1823
Dodge: Dodged            |    68 |   107 |    68 |   173 |   397 |   552 |   391 |   235 |   905 ||  2896
Block: Shield            |       |       |       |   427 |  1400 |  1574 |  1476 |       |       ||  4877
       Reflection        |       |       |       |    15 |    39 |   101 |    84 |    62 |   160 ||   461
       Large shield      |       |       |       |       |       |       |    42 |  1759 |  4215 ||  6016
